 Dungeon Crawl Stone Soup version 0.31-a0-851-g7ff8af7976 (webtiles) character file.

Game seed: 17038266692567477123

2700 LeprechaunX the Mimic (level 9, 0/49 (56) HPs)
             Began as an Octopode Shapeshifter on Oct 6, 2023.
             Was a Follower of Hepliaklqana.
             Slain by Joseph
             ... wielding a +3 quarterstaff of draining
              (4 damage)
             ... on level 7 of the Dungeon.
             The game lasted 00:09:12 (6876 turns).

LeprechaunX the Mimic (Octopode Shapeshifter)       Turns: 6876, Time: 00:09:13

HP:   0/49 (56)     AC:  1    Str: 17    XL:     9   Next: 65%
MP:   9/9           EV: 14    Int: 12    God:    Hepliaklqana [*.....]
Gold: 250           SH:  0    Dex: 12    Spells: 8/8 levels left

rFire   . .          .
                       - Unarmed
rCold   . . .        (shield currently unavailable)
rNeg    . . .        (helmet restricted)
rPois   .            J - amulet of regeneration
rElec   .            (no ring)
rCorr   .            (no ring)
SInv    .            (no ring)
Will    .....        (no ring)
Stlth   +            (no ring)
HPRegen 1.08/turn    (no ring)
MPRegen 0.11/turn    (no ring)
                     (no ring)

%: no passive effects
@: flux-form, glowing, studying Ice Magic, heavily drained
A: glow, contaminating, reduced essence, almost no armour, amphibious, 8 rings,
camouflage 1, gelatinous body 1, (nimble swimmer 1), tentacles
a: Begin Untransformation, Renounce Religion, Recall Ancestor, Ancestor Identity


You were on level 7 of the Dungeon.
You worshipped Hepliaklqana.
Hepliaklqana was aware of your devotion.
You were something dangerously unstable.
You visited 1 branch of the dungeon, and saw 7 of its levels.

You collected 250 gold pieces.

Inventory:

Hand Weapons
 n - a +0 sling
Missiles
 g - 12 boomerangs (quivered)
 v - 2 atropa-tipped darts
 K - 2 throwing nets
Jewellery
 J - an amulet of regeneration (around mantle)
Talismans
 b - a beast talisman
 c - a flux talisman (active)
Wands
 A - a wand of flame (1)
 F - a wand of acid (8)
 L - a wand of polymorph (10)
Scrolls
 d - a scroll of enchant armour
 h - 2 scrolls of silence
 i - 3 scrolls of noise
 j - a scroll of blinking {unknown}
 l - 2 scrolls of amnesia {unknown}
 m - 2 scrolls of revelation {unknown}
 p - a scroll of fog {unknown}
 q - 2 scrolls of vulnerability {unknown}
 r - 3 scrolls of poison {unknown}
 s - 5 scrolls of teleportation {unknown}
 t - a scroll of acquirement {unknown}
 y - 2 scrolls of fear {unknown}
 C - a scroll of brand weapon {unknown}
 G - a scroll of enchant weapon {unknown}
Potions
 e - 4 potions of resistance
 f - 3 potions of cancellation
 k - 2 potions of ambrosia
 u - a potion of degeneration {unknown}
 w - a potion of attraction {unknown}
 x - 2 potions of brilliance {unknown}
 z - a potion of might {unknown}
 B - a potion of magic {unknown}
 D - a potion of enlightenment {unknown}
 E - 3 potions of heal wounds {unknown}
 H - 2 potions of curing {unknown}
 I - a potion of haste {unknown}


   Skills:
 + Level 6.4 Fighting
 - Level 4.0 Dodging
 - Level 6.0 Unarmed Combat
 * Level 9.0 Shapeshifting


You had 8 spell levels left.
You didn't know any spells.
Your spell library contained the following spells:

 Spells                   Type           Power      Damage    Failure   Level
 Ensorcelled Hibernation  Hex/Ice        0%         N/A       45%         2
 Jinxbite                 Hex            0%         N/A       45%         2
 Dazzling Flash           Conj/Hex       0%         N/A       69%         3
 Volatile Blastmotes      Fire/Tloc      0%         2d10      69%         3
 Anguish                  Hex/Necr       0%         N/A       97%         4
 Manifold Assault         Tloc           0%         N/A       97%         4
 Dispersal                Tloc           0%         N/A       100%        6
 Starburst                Conj/Fire      0%         6d3       100%        6
 Disjunction              Tloc           0%         N/A       100%        8
 Maxwell's Capacitive Co  Air            0%         ∞         100%        8


Dungeon Overview and Level Annotations

Branches:
Dungeon (7/15)             Temple (0/1) D:4

Altars:
Fedhas
Gozag
Hepliaklqana
Kikubaaqudgha
Makhleb
Vehumet

Shops:
D:1 :   D:3 :   D:5 :   D:6 :

Annotations:
D:3 1 runed translucent door, Crazy Yiuf
D:7 Joseph


Innate Abilities, Weirdness & Mutations

You are something dangerously unstable.
You glow with magical radiation, making you easy to see and hit.
Foes you strike become dangerously contaminated with magical radiation.
You are incapable of wielding weapons or throwing items.
Your life essence is reduced to manifest your ancestor. (-10% HP)
You cannot wear most types of armour.
You are amphibious.
You can wear up to eight rings at the same time.
Your skin changes colour to match your surroundings (Stealth+).
Your rubbery body absorbs attacks. (AC +1, EV +1)
((You are camouflaged when in or above water. (Stealth+)))
You have tentacles for arms and can constrict up to eight enemies at once.


Message History

A kobold is nearby!
The kobold throws a poisoned dart.
The poisoned dart misses you.
You tentacle-slap the kobold.
The kobold begins to glow.
You grab the kobold.
The kobold is heavily wounded.
You constrict the kobold.
You kill the kobold!
A kobold comes into view. It is wielding a +0 dagger.
The kobold throws a poisoned dart.
The poisoned dart barely misses you.
The kobold brigand throws a curare-tipped dart.
The curare-tipped dart misses you.
The kobold moves out of view.
A kobold comes into view. It is wielding a +0 short sword.
The kobold shouts!
You tentacle-slap the kobold brigand.
The kobold brigand begins to glow.
Your grab misses the kobold brigand.
The kobold brigand is lightly wounded.
You barely miss the kobold brigand. You grab the kobold brigand.
You squeeze the kobold brigand.
The kobold brigand is lightly wounded.
You constrict the kobold brigand.
The kobold brigand hits you with a +0 club.
You tentacle-slap the kobold brigand.
The kobold brigand glows dangerously bright.
The kobold brigand is moderately wounded.
You constrict the kobold brigand. The kobold brigand barely misses you.
You bludgeon the kobold brigand!
The kobold brigand shudders as magic cascades through it!!
You kill the kobold brigand!
Nkonkoni hits Joseph.
You completely miss Joseph. Your grab misses Joseph. You squeeze Joseph.
Joseph is lightly wounded.
Joseph hits you with a +3 quarterstaff of draining!!
You feel drained. The kobold hits you with a +0 dagger.
Nkonkoni hits Joseph but does no damage.
You barely miss Joseph. You grab Joseph.
Joseph is lightly wounded.
You constrict Joseph, but do no damage. The kobold barely misses you.
Joseph hits you with a +3 quarterstaff of draining!!
* * * LOW HITPOINT WARNING * * *
You feel drained.
You die...

#...#.##..#.....###.
#......)...)...## #
#...#..##.#....#
##..##)).##..###
#...##.##...#
#.........###
##...#...##
#......## #pR..###
...$..K#@.##
......K..##
.##......# ........#
.......... .......
.. .....## #.


You could see the friendly Nkonkoni the ancestor, Joseph (ally target) and 2
kobolds.

Vanquished Creatures
  Edmund (D:6)
  Duvessa (D:7)
  A water moccasin (D:5)
  2 ice beasts
  A black bear (D:4)
  An ogre (D:6)
  2 phantoms
  2 centaurs
  A kobold brigand (D:7)
  4 scorpions
  4 wights (D:5)
  Dowan (D:7)
  A howler monkey (D:5)
  A crimson imp (D:3)
  3 jellies
  A gnoll bouda (D:6)
  A hound (D:6)
  4 orc priests
  Jessica (D:3)
  3 iguanas
  7 orc wizards
  10 adders
  14 gnolls
  2 shadow imps (D:5)
  2 ufetubi (D:5)
  3 worms
  A dart slug (D:1)
  27 orcs
  2 endoplasms (D:2)
  2 giant cockroaches
  13 goblins
  10 hobgoblins
  7 kobolds
  A quokka (D:3)
  5 ball pythons
  10 bats
  2 frilled lizards (D:2)
  7 rats
161 creatures vanquished.

Vanquished Creatures (collateral kills)
  2 centaurs (D:7)
2 creatures vanquished.

Vanquished Creatures (others)
  An ancestor (D:7)
1 creature vanquished.

Grand Total: 164 creatures vanquished

Notes
Turn   | Place    | Note
-------+----------+-------------------------------------------
     0 | D:1      | LeprechaunX the Octopode Shapeshifter began the quest for
                  | the Orb.
     0 | D:1      | Reached XP level 1. HP: 13/13 MP: 1/1
   306 | D:1      | Reached XP level 2. HP: 18/18 MP: 2/2
   367 | D:1      | Found a faded altar of an unknown god.
   667 | D:1      | Found Nimmifon's Book Emporium.
   877 | D:2      | Reached XP level 3. HP: 13/23 MP: 3/3
   998 | D:2      | Reached XP level 4. HP: 27/29 MP: 4/4
  1200 | D:2      | Reached skill level 4 in Shapeshifting
  1200 | D:2      | Reached XP level 5. HP: 34/34 MP: 5/5
  2030 | D:3      | Found a runed translucent door.
  2031 | D:3      | Noticed Crazy Yiuf
  2273 | D:3      | Reached XP level 6. HP: 9/41 MP: 6/6
  2681 | D:3      | Found a hazy altar of Hepliaklqana.
  2690 | D:3      | Became a worshipper of Hepliaklqana the Forgotten
  2764 | D:3      | Noticed Jessica
  2769 | D:3      | Killed Jessica
  2770 | D:3      | Reached skill level 5 in Shapeshifting
  2845 | D:3      | Found Igaec's Book Shoppe.
  3047 | D:3      | Found a radiant altar of Vehumet.
  3048 | D:3      | Found a burning altar of Makhleb.
  3069 | D:3      | Reached XP level 7. HP: 29/46 MP: 7/7
  3829 | D:4      | Found a staircase to the Ecumenical Temple.
  4263 | D:4      | Found an ancient bone altar of Kikubaaqudgha.
  4263 | D:4      | Found an opulent altar of Gozag.
  4285 | D:5      | Entered Level 5 of the Dungeon
  4289 | D:5      | Found Baulus's Book Shop.
  4305 | D:5      | Reached skill level 5 in Unarmed Combat
  4305 | D:5      | Reached skill level 6 in Shapeshifting
  4305 | D:5      | Reached XP level 8. HP: 29/54 MP: 8/8
  4619 | D:5      | Reached skill level 7 in Shapeshifting
  4909 | D:5      | Found a blossoming altar of Fedhas.
  4958 | D:5      | Reached skill level 5 in Fighting
  5013 | D:5      | Reached XP level 9. HP: 15/61 MP: 9/9
  5708 | D:6      | Noticed Edmund
  5718 | D:6      | Killed Edmund
  5839 | D:6      | Found Pieff's Book Boutique.
  5850 | D:6      | Reached skill level 8 in Shapeshifting
  6761 | D:7      | Reached * piety under Hepliaklqana
  6771 | D:7      | Noticed Duvessa
  6785 | D:7      | HP: 1/55 [Duvessa/+0 short sword (10)]
  6785 | D:7      | Noticed Dowan
  6798 | D:7      | Killed Duvessa
  6807 | D:7      | Killed Dowan
  6808 | D:7      | Reached skill level 9 in Shapeshifting
  6862 | D:7      | Noticed Joseph
  6876 | D:7      | Slain by Joseph

Illustrated notes

Levels and vault maps discovered:
D:1:      beargit_arrival_diablo_church, layout_basic,
          dilly_ecumenical_altar_fadedgnrine, serial_shops, shop,
          kennysheep_nondescript, serial_bayou_crossing
D:2:      minmay_angry_zag, layout_basic, minmay_tetromino_o2
D:3:      layout_basic, grunt_temple_overflow_lords_of_destruction,
          lemuel_round_altar, serial_shops, nicolae_shop_real_fake_doors,
          uniq_jessica, uniq_crazy_yiuf_cottage
D:4:      layout_basic, nicolae_overflow_two_pavilions, minmay_temple_entry_mist
D:5:      layout_basic, mainiacjoe_overflow_24_doors, serial_shops,
          nicolae_shop_crystal, lightli_corner_chamber
D:6:      layout_loops_ring, serial_shops, nicolae_inconvenience_store,
          uniq_edmund
D:7:      layout_cave_pods, nicolae_uskayaw_murder_on_the_dancefloor,
          mainiacjoe_overflow_alcove_4, old_standard_altar, minmay_manual_mares,
          uniq_duvessa, uniq_joseph

Skill      XL: |  1  2  3  4  5  6  7  8  9 |
---------------+----------------------------+-----
Fighting       | 2 3 4 5 6 |  6.4
Shapeshifting  | 4 5 6 7 9 |  9.0
Dodging        | 3 4 |  4.0
Unarmed Combat | 4 5 6 |  6.0

Action                     |  1- 3 |  4- 6 |  7- 9 || total
---------------------------+-------+-------+-------++-------
  Melee: Unarmed           |    45 |    97 |   240 ||   382
         Constrict         |    11 |    32 |    52 ||    95
         Tentacles         |    10 |    27 |    62 ||    99
         Punch             |     2 |     5 |     4 ||    11
  Throw: Boomerang         |       |    10 |    11 ||    21
    Use: Scroll            |       |       |     6 ||     6
         Potion            |       |       |     2 ||     2
   Stab: Sleeping          |     5 |     5 |     2 ||    12
 Armour: Skin              |    17 |    42 |   154 ||   213
  Dodge: Dodged            |    26 |    49 |   144 ||   219
   Form: Flux              |       |       |     1 ||     1

Table legend: (Time is in decaauts)
 A = Elapsed time spent in this place.
 B = Non-inter-level travel time spent in this place.
 C = Inter-level travel time spent in this place.
 D = Time resting spent in this place.
 E = Time spent auto-exploring this place.
 F = Levels seen in this place.
 G = Mean time per level.
                   A        B        C        D        E       F      G
               +--------+--------+--------+--------+--------+-----+--------+
         Total |   6851 |   6667 |    184 |    974 |   4629 |   7 |  978.7 |
       Dungeon |   6851 |   6667 |    184 |    974 |   4629 |   7 |  978.7 |
               +--------+--------+--------+--------+--------+-----+--------+

Top non-repeatable levels by time:
     D:6: 1260 daAuts
     D:4: 1230 daAuts
     D:5: 1199 daAuts
     D:3: 1135 daAuts
     D:2: 1083 daAuts
     D:1: 825 daAuts
     D:7: 116 daAuts
